Map: Vallée des cactus EC

Players

AgCl - Winner!

  • Race: Protoss Protoss

Topin

  • Race: Terran Terran

VOD

Have the link to the VOD?

Description

Time

  • Played on: May 12, 2015, 8:50 p.m.
  • Length: 6:59
Show
View Real Time Build Order
Export as new Build Order

AgCl Protoss - Winner!

Build Orders:  

Get SALT Encoding   

  12  0:13  Pylon  
  12  0:31  Gateway  
  12  0:33  Probe, Assimilator  
  13  0:46  Probe  
  14  0:58  Probe (Chrono Boost)  
  15  1:08  Probe (Chrono Boost)  
  16  1:15  Probe (Chrono Boost)  
  16  1:17  Pylon  
  17  1:21  Cybernetics Core  
  17  1:27  Probe (Chrono Boost)  
  17  1:28  Assimilator  
  18  1:34  Probe (Chrono Boost)  
  19  1:44  Probe (Chrono Boost)  
  20  1:56  Probe (Chrono Boost)  
  21  2:02  Robotics Facility  
  21  2:03  Probe (Chrono Boost)  
  21  2:06  Warp Gate  
  22  2:13  Probe (Chrono Boost)  
  23  2:25  Probe (Chrono Boost)  
  24  2:32  Mothership Core (Chrono Boost)  
  26  2:52  Observer (Chrono Boost)  
  26  2:54  Probe  
  26  2:55  Nexus  
  28  3:07  Probe  
  28  3:10  Pylon  
  29  3:23  Gateway  
  29  3:24  Gateway  
  29  3:25  Probe  
  29  3:37  Probe, Twilight Council  
  30  3:49  Probe  
  30  3:55  Pylon  
  31  4:00  Gateway  
  31  4:02  Pylon  
  31  4:09  Probe x2  
  33  4:20  Warp Prism (Chrono Boost)  
  33  4:23  Probe (Chrono Boost)  
  36  4:28  Probe (Chrono Boost)  
  37  4:34  Probe (Chrono Boost)  
  37  4:37  Probe (Chrono Boost)  
  39  4:38  Dark Shrine  
  39  4:45  Probe (Chrono Boost)  
  41  4:46  Probe (Chrono Boost)  
  41  4:52  Probe (Chrono Boost)  
  31  4:53  Probe (Chrono Boost)  
  31  5:07  Probe  
  32  5:17  Adept  
  32  5:18  Adept x2  
  34  5:31  Probe (Chrono Boost)  
  34  5:33  Probe (Chrono Boost)  
  34  5:39  Gateway  
  34  5:42  Probe x2 (Chrono Boost)  
  36  5:43  Adept  
  36  5:44  Adept  
  36  5:49  Stalker  
  42  5:55  Dark Templar  
  44  6:01  Probe x2 (Chrono Boost)  
  46  6:11  Probe (Chrono Boost), Forge  
  44  6:26  Adept x2  
  44  6:27  Adept  
  44  6:29  Probe (Chrono Boost)  
  51  6:39  Probe (Chrono Boost)  
  53  6:40  Probe (Chrono Boost)  
  53  6:44  Adept x2  
  53  6:46  Probe (Chrono Boost)  
  57  6:47  Stalker, Probe (Chrono Boost)  
  57  6:49  Zealot  
  55  6:56  Stalker  
Show
View Real Time Build Order
Export as new Build Order

Topin Terran 

Build Orders: Mech 

Get SALT Encoding   

  12  0:01  SCV  
  13  0:13  SCV  
  14  0:17  Supply Depot  
  14  0:25  SCV  
  15  0:30  Refinery  
  15  0:39  SCV  
  16  0:45  Barracks  
  16  0:51  SCV  
  18  1:04  SCV  
  18  1:16  SCV  
  19  1:31  Orbital Command  
  19  1:33  Marine  
  20  1:44  Command Center  
  21  1:58  SCV  
  21  1:59  Supply Depot  
  22  2:06  Factory  
  21  2:10  SCV  
  21  2:15  Marine  
  23  2:22  SCV  
  24  2:32  Marine  
  24  2:34  SCV, Refinery  
  26  2:46  SCV  
  26  2:50  Marine  
  28  2:52  Widow Mine  
  28  2:53  Starport  
  28  2:56  Orbital Command  
  30  3:01  SCV  
  31  3:08  Marine  
  32  3:16  SCV  
  32  3:18  Orbital Command  
  33  3:20  Widow Mine  
  35  3:29  SCV  
  36  3:41  Bunker, Medivac  
  36  3:44  SCV  
  39  3:51  Barracks Reactor  
  39  3:53  Hellion, Factory  
  41  3:56  SCV  
  41  3:58  SCV  
  43  4:08  SCV  
  44  4:10  SCV  
  44  4:11  Supply Depot  
  45  4:21  Supply Depot  
  45  4:24  SCV  
  46  4:32  SCV  
  46  4:33  Supply Depot, Hellion  
  46  4:35  Command Center  
  50  4:38  SCV  
  50  4:39  Barracks Tech Lab  
  50  4:44  SCV  
  51  4:50  SCV  
  52  4:56  SCV  
  53  5:02  Armory  
  53  5:04  Viking  
  53  5:08  SCV  
  54  5:14  SCV  
  54  5:17  Supply Depot  
  54  5:21  SCV  
  56  5:26  SCV  
  53  5:33  SCV  
  53  5:34  Refinery  
  57  5:35  Refinery, Siege Tank  
  57  5:36  Hellion x2, Starport Reactor  
  57  5:37  Barracks Tech Lab  
  57  5:38  SCV  
  62  5:45  SCV, Factory  
  63  5:50  SCV  
  63  5:51  Supply Depot  
  64  5:57  SCV  
  64  6:01  Orbital Command  
  64  6:02  SCV  
  66  6:08  Supply Depot  
  66  6:09  Supply Depot  
  66  6:21  SCV x2  
  68  6:30  Missile Turret  
  68  6:33  SCV x2  
  68  6:45  SCV x2  
Tags
 
Add a new tag
Caveats
  • Supply blocks, unpowered buildings, or Contaminate may cause inaccurate times.
  • Supply counts are checked every 10 seconds.